 Dungeon Crawl Stone Soup version 0.25-a0-578-gc91f01c39c (console) character file.

Game seed: 6556754968014727263, levelgen mode: classic

28 Duffy the Digger (level 2, -6/15 HPs)
             Began as a Deep Elf Earth Elementalist on Mar 5, 2020.
             Mangled by an ogre
             ... wielding a +0 giant club
              (12 damage)
             ... on level 2 of the Dungeon.
             The game lasted 00:00:47 (936 turns).

Duffy the Digger (Deep Elf Earth Elementalist)       Turns: 936, Time: 00:00:48

Health: -6/15      AC:  3    Str:  5    XL:     2   Next: 96%
Magic:  2/9        EV: 13    Int: 19    God:
Gold:   56         SH:  0    Dex: 15    Spells: 8/9 levels left

rFire    . . .     SeeInvis .   d - 3 rations
rCold    . . .     Gourm    .   (no shield)
rNeg     . . .     Faith    .   c - +0 robe
rPois    .         Spirit   .   (no helmet)
rElec    .         Reflect  .   (no cloak)
rCorr    .         Harm     .   a - +0 pair of gloves
MR       .....                  (no boots)
Stlth    ++........             (no amulet)
HPRegen  0.05/turn              (no ring)
MPRegen  0.11/turn              (no ring)

@: very slightly contaminated
A: no striking features
a: no special abilities


You were on level 2 of the Dungeon.
You were not hungry.

You visited 1 branch of the dungeon, and saw 2 of its levels.

You collected 56 gold pieces.

Inventory:

Missiles
 b - 16 stones (quivered)
Armour
 a - a +0 pair of gloves (worn)
 c - a +0 robe (worn)
Scrolls
 f - 3 scrolls of teleportation
 l - 2 scrolls of enchant weapon {unknown}
Potions
 e - a potion of heal wounds {unknown}
 g - a potion of degeneration {unknown}
 h - a potion of might {unknown}
 i - a potion of brilliance {unknown}
 k - a potion of magic {unknown}
Comestibles
 d - 3 rations (in hand)
 j - 2 chunks of flesh


   Skills:
 - Level 2.4 Dodging
 - Level 2.4 Stealth
 + Level 4.0 Spellcasting
   Level 1.1 Transmutations
 + Level 4.0 Earth Magic


You had 8 spell levels left.
You knew the following spells:

 Your Spells              Type           Power        Failure   Level  Hunger
h - Sandblast             Erth           ###...       2%          1    None

Your spell library contained the following spells:

 Spells                   Type           Power        Failure   Level  Hunger
 Passwall                 Tmut/Erth      ##......     7%          2    ##.....
 Stone Arrow              Conj/Erth      ##....       19%         3    ###....
 Petrify                  Tmut/Erth      ##......     43%         4    ####...
 Lee's Rapid Deconstruct  Erth           ###.......   58%         5    ######.


Dungeon Overview and Level Annotations

Branches:
Dungeon (2/15)

Altars:


Message History

You miscast Sandblast.
You are very lightly contaminated with residual magic.
You hear a distant rumble.
Cast which spell? (? or * to list)
Aiming: Sandblast (safe; 2% risk of failure)
Press: ? - help, Shift-Dir - straight line, f/p - ogre
Aim: an ogre, wielding a +0 giant club (heavily wounded)
The blast of sand hits the ogre!
The ogre is almost dead.
b - 17 stones The ogre barely misses you.
Cast which spell? (? or * to list)
Aiming: Sandblast (safe; 2% risk of failure)
Press: ? - help, Shift-Dir - straight line, f/p - ogre
Aim: an ogre, wielding a +0 giant club (almost dead)
The blast of sand misses the ogre.
b - 16 stones The ogre hits you with a +0 giant club!
Ouch! That really hurt!
You die...

####### #. #.....# #+ #.
#..b..######### #. #.
#.....#.......#######. #.
#.....#.......#.....#.##.
####..%..#.......#.....#....
#).......#.......#.....#....
##.....####.......#.....#....
...........O@............#....
###.....####.....%.#.....#...%
#.....# #########.....####.
#.....# ####.## #. #.....# #.#
#. ####### #.# #. #.# #. #.#
#. #.# ##


You could see an ogre.

Vanquished Creatures
  An ooze (D:1)
  2 dart slugs (D:1)
  5 hobgoblins
  3 bats (D:1)
  2 frilled lizards (D:2)
  3 goblins
  4 rats
20 creatures vanquished.

Notes
Turn   | Place    | Note
-------+----------+-------------------------------------------
     0 | D:1      | Duffy the Deep Elf Earth Elementalist began the quest for
                  | the Orb.
     0 | D:1      | Reached XP level 1. HP: 10/10 MP: 6/6
   325 | D:1      | Reached XP level 2. HP: 15/15 MP: 2/8
   922 | D:2      | Noticed an ogre
   936 | D:2      | Mangled by an ogre

Levels and vault maps discovered:
D:1:      giann_forest_graveyard, layout_basic
D:2:      layout_basic, first_ration, kennysheep_small_spiral, st_stairs_4

Skill      XL: |  1  2 |
---------------+-------+-----
Spellcasting   | 4 |  4.0
Earth Magic    | 4 |  4.0
Dodging        | |  2.4
Stealth        | |  2.4
Transmutations | |  1.1

Action                   || total
-------------------------++-------
 Cast: Sandblast         ||    34
  Use: Scroll            ||     1
Armor: Robe              ||     4
Dodge: Dodged            ||     6

Table legend:
 A = Non-vault XP
 B = Vault XP
 C = Vault XP percentage of total XP
 D = Non-vault monster count
 E = Vault monster count
 F = Vault count percentage of total count
                 A         B        C        D         E       F
            +---------+---------+-------+---------+---------+-------
      Total |      40 |       0 |   0.0 |      20 |       0 |   0.0
            +---------+---------+-------+---------+---------+-------
        D:1 |      29 |       0 |   0.0 |      13 |       0 |   0.0
        D:2 |      11 |       0 |   0.0 |       7 |       0 |   0.0
            +---------+---------+-------+---------+---------+-------
